 Dungeon Crawl Stone Soup version 0.28-a0-612-gcfc00ec14d (webtiles) character file.

Game seed: 825981843020131386

253 siradein the Insei (level 6, 0/43 HPs)
             Began as a Merfolk Transmuter on Oct 6, 2021.
             Frozen to death by an endoplasm (5 damage)
             ... on level 4 of the Dungeon.
             The game lasted 00:11:02 (3843 turns).

siradein the Insei (Merfolk Transmuter)             Turns: 3843, Time: 00:11:02

Health: 0/43       AC:  2    Str: 11 (12) XL:     6   Next: 14%
Magic:  9/9        EV: 16    Int: 12 (13) God:
Gold:   119        SH:  0    Dex: 14      Spells: 3/9 levels left

rFire   . . .      SeeInvis .     - Unarmed
rCold   . . .      Faith    .   (no shield)
rNeg    . . .      Spirit   .   a - +0 robe
rPois   .          Reflect  .   (no helmet)
rElec   .          Harm     .   (no cloak)
rCorr   .          Rampage  .   (no gloves)
Will    +....                   (no boots)
Stlth   +.........              (no amulet)
HPRegen 0.14/turn               d - +4 ring of evasion
MPRegen 0.11/turn               h - ring of willpower

@: no status effects
A: (nimble swimmer 2), mertail
a: no special abilities


You were on level 4 of the Dungeon.
You visited 1 branch of the dungeon, and saw 4 of its levels.

You collected 119 gold pieces.

Inventory:

Hand Weapons
 f - a +0 hunting sling
Missiles
 g - 42 stones
Armour
 a - a +0 robe (worn)
Jewellery
 d - a +4 ring of evasion (left hand)
 h - a ring of willpower (right hand)
Wands
 e - a wand of polymorph (9)
Scrolls
 c - 4 scrolls of identify {unknown}
Potions
 b - a potion of curing


   Skills:
 - Level 1.1 Fighting
 - Level 2.6 Dodging
 + Level 6.2 Unarmed Combat
 - Level 2.0 Spellcasting
 + Level 5.2 Transmutations


You had 3 spell levels left.
You knew the following spells:

 Your Spells              Type           Power      Damage    Failure   Level
a - Beastly Appendage     Tmut           26%        N/A       3%          1
b - Wereblood             Tmut           13%        N/A       4%          2
c - Spider Form           Tmut/Pois      3%         N/A       28%         3

Your spell library contained the following spells:

 Spells                   Type           Power      Damage    Failure   Level
 Animate Skeleton         Necr           2%         N/A       26%         1
 Pain                     Necr           4%         1d4       26%         1
 Vampiric Draining        Necr           0%         2d6       63%         3
 Ice Form                 Ice/Tmut       7%         N/A       67%         4


Dungeon Overview and Level Annotations

Branches:
Dungeon (4/15)
 Temple: D:4-7

Altars:
Elyvilon
Uskayaw

Annotations:
D:3 Sigmund


Innate Abilities, Weirdness & Mutations

((You are quick and stealthy near water. (Stealth+, EV+, Speed+++)))
Your lower body shifts to a powerful aquatic tail in water.


Message History

You barely miss the orc priest. You headbutt the orc priest.
Your punch misses the orc priest.
The orc priest is heavily wounded.
The orc priest mumbles some strange prayers to Beogh against you.
Pain shoots through your body!
You barely miss the orc priest. You headbutt the orc priest.
The orc priest is severely wounded.
The orc priest barely misses you.
You closely miss the orc priest. Your headbutt misses the orc priest.
The orc priest is severely wounded.
The orc priest mumbles some strange prayers to Beogh against you.
Beogh smites you!
You are too injured to fight recklessly!
You are too injured to fight recklessly!
You closely miss the orc priest.
The orc priest is severely wounded.
The orc priest closely misses you.
You barely miss the orc priest. You headbutt the orc priest.
The orc priest is severely wounded.
The orc priest calls down the wrath of Beogh upon you.
Pain shoots through your body!
* * * LOW HITPOINT WARNING * * *
You barely miss the orc priest.
The orc priest is severely wounded.
Your transformation is almost over.
The endoplasm misses you. The orc priest hits you with a +0 mace.
* * * LOW HITPOINT WARNING * * *
You hit the orc priest.
The orc priest is almost dead.
The endoplasm barely misses you.
You hit the orc priest.
You kill the orc priest!
The endoplasm barely misses you.
The endoplasm hits you but does no damage.
Your horns disappear.
The endoplasm jiggles.
The endoplasm hits you but does no damage.
The endoplasm freezes you.
You are frozen.
You die...

...........#
#.............<...#
#.................#
#.................#
#.................#
#...^.............#
#.................####
#......................
#@J..............
#.................
#.................
+.................
#.................
####+####........
....... ...... ....


You could see an endoplasm.

Vanquished Creatures
  A necrophage (D:2)
  An orc priest (D:4)
  An orc wizard (D:3)
  3 adders (D:2)
  4 dart slugs
  An orc (D:3)
  8 ball pythons
  2 bats
  8 endoplasms
  6 giant cockroaches
  7 goblins
  5 hobgoblins
  7 jackals
  6 kobolds
  5 quokkas (D:1)
  3 frilled lizards (D:2)
  2 rats
70 creatures vanquished.

Notes
Turn   | Place    | Note
-------+----------+-------------------------------------------
     0 | D:1      | siradein the Merfolk Transmuter began the quest for the
                  | Orb.
     0 | D:1      | Reached XP level 1. HP: 15/15 MP: 3/3
   213 | D:1      | Reached XP level 2. HP: 20/21 MP: 3/5
   219 | D:1      | Reached skill level 4 in Unarmed Combat
   479 | D:1      | Reached XP level 3. HP: 25/26 MP: 4/6
   608 | D:1      | Found a faded altar of an unknown god.
  1145 | D:2      | Learned a level 2 spell: Wereblood
  1149 | D:2      | Learned a level 3 spell: Spider Form
  1320 | D:2      | Reached skill level 5 in Unarmed Combat
  1579 | D:2      | Reached XP level 4. HP: 29/32 MP: 5/7
  2502 | D:2      | Noticed a necrophage
  2528 | D:2      | Killed a necrophage
  2529 | D:2      | Reached XP level 5. HP: 12/37 MP: 6/8
  2996 | D:3      | Noticed Sigmund
  3385 | D:3      | Found a hide-covered altar of Uskayaw.
  3426 | D:3      | Reached skill level 6 in Unarmed Combat
  3479 | D:3      | Found a white marble altar of Elyvilon.
  3735 | D:3      | Reached skill level 5 in Transmutations
  3735 | D:3      | Reached XP level 6. HP: 32/43 MP: 7/9
  3843 | D:4      | Frozen to death by an endoplasm

Illustrated notes

Levels and vault maps discovered:
D:1:      kennysheep_arrival_seaside, layout_rooms, ebering_ecumenical_altar_box
D:2:      minmay_diamond_boxcup, layout_loops_ring
D:3:      layout_loops_cross, nicolae_overflow_hidden_temple, elyvilon_altar_4,
          minmay_close_crescents, uniq_sigmund
D:4:      minmay_goblin_kobold_castle, layout_gridville,
          mainiacjoe_overflow_catwalk, mainiacjoe_overflow_paths,
          nzn_wu_jian_council_hall, temple_doors_ab, serial_shops,
          kennysheep_little_box

Skill      XL: |  1  2  3  4  5 |
---------------+----------------+-----
Unarmed Combat | 4 5 6 |  6.2
Transmutations | 3 4 5 |  5.2
Fighting       | |  1.1
Dodging        | |  2.6
Spellcasting   | |  2.0

Action                   |  1- 3 |  4- 6 || total
-------------------------+-------+-------++-------
Melee: Unarmed           |   105 |   133 ||   238
       Headbutt          |    16 |    19 ||    35
       Punch             |       |     1 ||     1
 Cast: Beastly Appendage |    23 |    30 ||    53
       Wereblood         |       |     2 ||     2
  Use: Potion            |       |     2 ||     2
 Stab: Sleeping          |     2 |     2 ||     4
Armor: Robe              |    15 |    19 ||    34
Dodge: Dodged            |    48 |    87 ||   135

Table legend: (Time is in decaauts)
 A = Elapsed time spent in this place.
 B = Non-inter-level travel time spent in this place.
 C = Inter-level travel time spent in this place.
 D = Time resting spent in this place.
 E = Time spent auto-exploring this place.
 F = Levels seen in this place.
 G = Mean time per level.
                   A        B        C        D        E       F      G
               +--------+--------+--------+--------+--------+-----+--------+
         Total |   3821 |   3721 |    100 |    654 |   2254 |   4 |  955.2 |
       Dungeon |   3821 |   3721 |    100 |    654 |   2254 |   4 |  955.2 |
               +--------+--------+--------+--------+--------+-----+--------+

Top non-repeatable levels by time:
     D:2: 2068 daAuts
     D:1: 1124 daAuts
     D:3: 591 daAuts
     D:4: 36 daAuts
